 Dungeon Crawl Stone Soup version 0.31-a0-460-g9e667d4245 (webtiles) character file.

Game seed: 13106493460430110728

39 MisterAzrael the Ruffian (level 3, -6/34 HPs)
             Began as an Octopode Shapeshifter on Aug 4, 2023.
             Was an Initiate of Wu Jian.
             Killed by an exploding frilled lizard (22 damage)
             ... ignited by their inner flame
             ... on level 2 of the Dungeon.
             The game lasted 00:01:23 (784 turns).

MisterAzrael the Ruffian (Octopode Shapeshifter)     Turns: 784, Time: 00:01:24

Health: -6/34      AC: 21    Str: 16    XL:     3   Next: 47%
Magic:  3/3        EV:  2    Int:  8    God:    Wu Jian [......]
Gold:   21         SH:  0    Dex: 12    Spells: 2/2 levels left

rFire   . .          .
                       - Unarmed
rCold   . . .        (no shield)
rNeg    . . .        (helmet currently unavailable)
rPois   +            (no amulet)
rElec   .            d - ring of flight
rCorr   .            (no ring)
SInv    .            (no ring)
Will    .....        (no ring)
Stlth   ++           (no ring)
HPRegen 0.25/turn    (no ring)
MPRegen 0.08/turn    (no ring)
                     (no ring)

%: no passive effects
@: tree-form
A: stationary, stasis, torment immunity, boosted hp, almost no armour,
(amphibious), 8 rings, (camouflage 1), (gelatinous body 1), (nimble swimmer 1),
(tentacles), (cold resistance 1), dopey 1, sense surroundings 1, wild magic 1
a: Renounce Religion


You were on level 2 of the Dungeon.
You worshipped Wu Jian.
Wu Jian was noncommittal.
You were a tree.
You visited 1 branch of the dungeon, and saw 2 of its levels.

You collected 21 gold pieces.

Inventory:

Jewellery
 d - a ring of flight (left branch)
Talismans
 b - a beast talisman


   Skills:
 + Level 1.5 Fighting
 + Level 2.3 Dodging
 + Level 1.8 Stealth
 * Level 3.5 Unarmed Combat
 + Level 3.1 Shapeshifting


You had 2 spell levels left.
You didn't know any spells.
Your spell library was empty.

Dungeon Overview and Level Annotations

Branches:
Dungeon (2/15)

Altars:
Wu Jian


Innate Abilities, Weirdness & Mutations

You are a tree.
Your roots penetrate the ground, keeping you stationary.
You cannot be teleported.
You are immune to unholy pain and torment.
Your maximum health is greatly increased.
You cannot wear most types of armour.
((You are amphibious.))
You can wear up to eight rings at the same time.
((Your skin changes colour to match your surroundings (Stealth+).))
((Your rubbery body absorbs attacks. (AC +1, EV +1)))
((You are camouflaged when in or above water. (Stealth+)))
((You have tentacles for arms and can constrict up to eight enemies at once.))
((Your flesh is cold resistant. (rC+)))
You are dopey. (Int -2)
You passively map a small area around you.
Your spells are a little harder to cast, but a little more powerful.


Message History

As you read the scroll labelled BOSOGR ZIOFA, it crumbles to dust.
The creatures around you are filled with an inner flame!
It was a scroll of immolation.
The hobgoblin barely misses you.
The frilled lizard bites you but does no damage.
The goblin hits you but does no damage.
You hit the hobgoblin.
Flame seeps out of the hobgoblin.
The hobgoblin is severely wounded.
The frilled lizard bites you but does no damage.
The hobgoblin is engulfed in blazing flames.
The Council accepts your kill.
The hobgoblin explodes!
The fiery explosion engulfs the goblin!!
The Council accepts your kill.
The fiery explosion engulfs the frilled lizard!!
The Council accepts your kill.
The fiery explosion engulfs the goblin!!
The Council accepts your kill.
The fiery explosion engulfs you but does no damage.
The fiery explosion engulfs the goblin!!
The Council accepts your kill.
The goblin explodes!
The fiery explosion engulfs the hobgoblin!!
The Council accepts your kill.
The fiery explosion engulfs the hobgoblin!!
The Council accepts your kill.
The fiery explosion engulfs the hobgoblin!!
The Council accepts your kill.
The fiery explosion engulfs the goblin!!!
The Council accepts your kill.
The goblin explodes!
The hobgoblin explodes! x3
The fiery explosion engulfs the goblin!!!
The Council accepts your kill.
The goblin explodes!
The Council accepts your kill.
You feel a bit more experienced.
You hear an explosion!
The goblin explodes!
The frilled lizard explodes!
The fiery explosion engulfs you!!
Ouch! That really hurt!
You die...

,* ***,,,,*****,,,,,,**,,,***,***
** **,,.###......###..*,***,***
*,,.###......+....,,**,,,,,
*,,.###....$.#...#****,,,,,
*,,.###.§§§§.#.### *,,,,,
*********S###.§§§§§#.### *,,,,,
,,,,,,,**.###..§§§§§.### *,,,,,
,,*,,,,,,.....##○§§§#### *,,,,,
*,*,**,,*.###.##♣####### *,,,,,
,,*,***,,.###.#.g####### *,,,,,
*,,,,,,,,..##........#### *,,,,,
*,,,,,..................# *,,,,,
**...,...#..............#########
,,,..,,>.+..>........†...?.......
**,,..,..####........###.........
,,,,,.,#.#<##........###.........
,#***#.#.#.##.....?..# #.........


You could see a goblin (inner flame, strong).

Vanquished Creatures
  Robin (D:2)
  An adder (D:2)
  A dart slug (D:1)
  An orc (D:2)
  5 bats (D:1)
  A giant cockroach (D:1)
  8 goblins
  7 hobgoblins
  3 jackals (D:1)
  4 ball pythons
  2 frilled lizards
  A kobold (D:1)
  A rat (D:1)
36 creatures vanquished.

Notes
Turn   | Place    | Note
-------+----------+-------------------------------------------
     0 | D:1      | MisterAzrael the Octopode Shapeshifter began the quest for
                  | the Orb.
     0 | D:1      | Reached XP level 1. HP: 13/13 MP: 1/1
   123 | D:1      | Reached XP level 2. HP: 18/18 MP: 2/2
   299 | D:1      | Reached skill level 1 in Stealth
   636 | D:1      | Reached XP level 3. HP: 23/23 MP: 3/3
   710 | D:2      | Found an ornate altar of the Wu Jian Council.
   722 | D:2      | Became a worshipper of the Wu Jian Council
   774 | D:2      | Noticed Robin
   780 | D:2      | Gained mutation: You are dopey. (Int -2) [potion of
                  | mutation]
   780 | D:2      | Gained mutation: You passively map a small area around you.
                  | [potion of mutation]
   780 | D:2      | Gained mutation: Your flesh is cold resistant. (rC+)
                  | [potion of mutation]
   780 | D:2      | Gained mutation: Your spells are a little harder to cast,
                  | but a little more powerful. [potion of mutation]
   784 | D:2      | Killed Robin
   784 | D:2      | Killed by an exploding frilled lizard... ignited by their
                  | inner flame

Illustrated notes

Levels and vault maps discovered:
D:1:      matt_arrival_refuge, layout_basic
D:2:      minmay_door_path, layout_basic, basic_altar, uniq_robin, uniq_natasha,
          uniq_jessica

Skill      XL: |  1  2 |
---------------+-------+-----
Stealth        | 1 |  1.8
Fighting       | |  1.5
Dodging        | |  2.3
Unarmed Combat | |  3.5
Shapeshifting  | |  3.1

Action                     || total
---------------------------++-------
  Melee: Unarmed           ||    42
         Tentacles         ||     9
         Constrict         ||    10
         Punch             ||     1
Ability: Lunge             ||     1
    Use: Potion            ||     3
         Scroll            ||     2
   Stab: Sleeping          ||     7
 Armour: Skin              ||    16
  Dodge: Dodged            ||    32

Table legend: (Time is in decaauts)
 A = Elapsed time spent in this place.
 B = Non-inter-level travel time spent in this place.
 C = Inter-level travel time spent in this place.
 D = Time resting spent in this place.
 E = Time spent auto-exploring this place.
 F = Levels seen in this place.
 G = Mean time per level.
                   A        B        C        D        E       F      G
               +--------+--------+--------+--------+--------+-----+--------+
         Total |    780 |    745 |     35 |      0 |    604 |   2 |  390.0 |
       Dungeon |    780 |    745 |     35 |      0 |    604 |   2 |  390.0 |
               +--------+--------+--------+--------+--------+-----+--------+

Top non-repeatable levels by time:
     D:1: 699 daAuts
     D:2: 81 daAuts
